 Dungeon Crawl Stone Soup version 0.29.1 (webtiles) character file.

Game seed: 3101075603283441403

148 wingedge the Charlatan (level 4, -1/38 HPs)
             Began as a Demigod Artificer on Sept 13, 2022.
             Killed from afar by an orc wizard (8 damage)
             ... with a puff of flame
             ... on level 5 of the Dungeon.
             The game lasted 00:09:43 (2457 turns).

wingedge the Charlatan (Demigod Artificer)          Turns: 2457, Time: 00:09:44

Health: -1/38      AC:  5    Str: 17    XL:     4   Next: 82%
Magic:  8/8        EV: 11    Int: 13    God:
Gold:   167        SH:  0    Dex: 14    Spells: 5/5 levels left

rFire   . . .      SeeInvis +   a - +0 trident
rCold   + . .      Faith    .   (no shield)
rNeg    . . .      Spirit   .   A - +2 robe of the Harvest Moon {rC+}
rPois   .          Reflect  .   (no helmet)
rElec   .          Harm     .   l - +0 cloak
rCorr   .          Rampage  .   (no gloves)
Will    .....                   (no boots)
Stlth   ++........              (no amulet)
HPRegen 0.12/turn               h - +4 ring of slaying
MPRegen 0.11/turn               n - ring of see invisible

@: lethally poisoned (-1 -> -7)
A: high MP 1, forlorn, divine attributes
a: no special abilities


You were on level 5 of the Dungeon.
You visited 1 branch of the dungeon, and saw 4 of its levels.

You collected 167 gold pieces.

Inventory:

Hand Weapons
 a - a +0 trident (weapon)
 b - a +0 sling
Missiles
 p - 5 poisoned darts
 s - 3 boomerangs
Armour
 f - a +0 scale mail
 l - a +0 cloak (worn)
 m - a +0 ring mail
 o - a +0 chain mail
 t - a +0 leather armour
 A - the +2 robe of the Harvest Moon (worn) {rC+}
   (You found it on level 3 of the Dungeon)

   rC:        It protects you from cold.
Jewellery
 h - a +4 ring of slaying (left hand)
 n - a ring of see invisible (right hand)
Wands
 c - a wand of flame (13) (quivered)
 d - a wand of charming (15)
 e - a wand of iceblast (4)
Scrolls
 g - a scroll of enchant weapon {unknown}
 q - a scroll of fear {unknown}
 r - a scroll of torment
 v - a scroll of silence {unknown}
 y - a scroll of teleportation {unknown}
Potions
 i - 3 potions of might {unknown}
 j - 2 potions of invisibility {unknown}
 k - 2 potions of magic {unknown}
 u - a potion of curing {unknown}
 w - a potion of berserk rage {unknown}
 x - a potion of degeneration {unknown}
 z - a potion of haste {unknown}


   Skills:
 - Level 3.0 Fighting
 - Level 1.0 Polearms
 - Level 2.0 Armour
 - Level 1.0 Dodging
 - Level 1.0 Stealth
 + Level 1.0 Spellcasting
 - Level 1.0 Conjurations
 - Level 1.0 Air Magic
 - Level 1.0 Poison Magic
 - Level 3.0 Evocations


You had 5 spell levels left.
You didn't know any spells.
Your spell library contained the following spells:

 Spells                   Type           Power      Damage    Failure   Level
 Sting                    Tmut/Pois      4%         1d3       22%         1
 Summon Small Mammal      Summ           0%         N/A       28%         1
 Mephitic Cloud           Conj/Pois/Air  3%         N/A       50%         3
 Swiftness                Air            3%         N/A       50%         3
 Maxwell's Capacitive Co  Air            1%         ∞         100%        8


Dungeon Overview and Level Annotations

Branches:
Dungeon (3/15)


Innate Abilities, Weirdness & Mutations

You have an increased reservoir of magic. (+10% MP)
You shall have no god before yourself.
Your divine heritage dramatically boosts your attributes as you level up.


Message History

The gnoll completely misses you.
The gnoll hits you from afar with a +1 spear of venom.
Reach: a) +0 trident
Press: ? - help, Dir - move target, f/p - gnoll
Aim: a gnoll, wielding a +1 spear of venom (severely wounded, about 34% to evade your +0 trident)
You reach to attack!
You barely miss the gnoll.
The gnoll is severely wounded.
The gnoll closely misses you.
Reach: a) +0 trident
Press: ? - help, Dir - move target, f/p - gnoll
Aim: a gnoll, wielding a +1 spear of venom (severely wounded, about 34% to evade your +0 trident)
You reach to attack!
You barely miss the gnoll.
The gnoll is severely wounded.
The gnoll hits you from afar with a +1 spear of venom!
You are poisoned.
Aiming: Throw Flame
Press: ? - help, Q - select action, (/) - cycle Shift-Dir - straight line, f/p - gnoll
Aim: a gnoll, wielding a +1 spear of venom (severely wounded, 75% to hit)
The puff of flame hits the gnoll!
You kill the gnoll!
You feel very sick.
Training target 1.0 for Conjurations reached!
Your Conjurations skill increases to level 1!
You need to enable at least one skill for training.
You start resting.
You feel very sick.
You start resting.
* * * LOW HITPOINT WARNING * * *
You feel very sick.
An orc wizard comes into view. It is wielding a +0 dagger.
Aiming: Throw Flame
Press: ? - help, Q - select action, (/) - cycle Shift-Dir - straight line, f - orc wizard
Aim: an orc wizard, wielding a +0 dagger and wearing a +0 robe (64% to hit)
The puff of flame hits the orc wizard!
The orc wizard is heavily wounded.
* * * LOW HITPOINT WARNING * * *
You feel sick.
The orc wizard gestures at you while chanting.
The puff of flame hits you!
You die... o

)..
########.))>.
#....@.).!)..
#........####
#........#
#........#
##########


You could see an orc wizard.

Vanquished Creatures
  An orc wizard (D:5)
  4 gnolls (D:5)
  4 adders
  A worm (D:3)
  A dart slug (D:2)
  An orc (D:5)
  8 bats
  4 endoplasms
  2 giant cockroaches
  3 goblins
  4 hobgoblins
  A quokka (D:2)
  2 ball pythons
  A frilled lizard (D:2)
  3 kobolds (D:2)
  6 rats
46 creatures vanquished.

Vanquished Creatures (others)
  5 plants (D:5)
5 creatures vanquished.

Grand Total: 51 creatures vanquished

Notes
Turn   | Place    | Note
-------+----------+-------------------------------------------
     0 | D:1      | wingedge the Demigod Artificer began the quest for the Orb.
     0 | D:1      | Reached XP level 1. HP: 15/15 MP: 3/3
    63 | D:1      | Got Plato's Guidebook on Convocation
   236 | D:1      | Reached skill level 1 in Fighting
   236 | D:1      | Reached skill level 1 in Dodging
   236 | D:1      | Reached skill level 1 in Stealth
   890 | D:2      | Reached XP level 2. HP: 23/23 MP: 4/4
  1293 | D:2      | Reached XP level 3. HP: 29/29 MP: 5/5
  1354 | D:2      | Reached skill level 1 in Polearms
  1998 | D:3      | Got Pydizxet's Catalogue of Noxious Air
  2075 | D:3      | Identified the +2 robe of the Harvest Moon {rC+}
  2258 | D:3      | Reached XP level 4. HP: 38/38 MP: 7/7
  2292 | D:3      | You fall into a shaft and drop 2 floors!
  2292 | D:5      | Entered Level 5 of the Dungeon
  2446 | D:5      | Reached skill level 1 in Spellcasting
  2446 | D:5      | Reached skill level 1 in Poison Magic
  2446 | D:5      | Reached skill level 1 in Air Magic
  2455 | D:5      | Reached skill level 1 in Conjurations
  2457 | D:5      | Killed from afar by an orc wizard

Illustrated notes

Levels and vault maps discovered:
D:1:      dpeg_arrival_renting, layout_rooms,
          shapermc_ecumenical_altar_rom_forum, minmay_misc_feat_cross,
          minivault_14, roderic_roman_lattice
D:2:      layout_basic
D:3:      layout_loops_ring, serial_aquarium, aquarium_bridge_square
          [aquarium_subvault_bridge, aquarium_subvault_bridge,
          aquarium_subvault_balcony, aquarium_subvault_bridge],
          aquarium_bridge_straight [aquarium_subvault_bridge,
          aquarium_subvault_window, aquarium_subvault_bridge,
          aquarium_subvault_window], aquarium_window_2, aquarium_window_1,
          aquarium_window_1, aquarium_view_2e
D:5:      layout_basic, nicolae_elyvilon_temple_path,
          minmay_temple_entry_stoned_glass, serial_shops,
          nicolae_shop_advertising_works [nicolae_subvault_shop_adworks],
          uniq_pikel, uniq_prince_ribbit1, uniq_crazy_yiuf_cottage

Skill      XL: |  1  2  3  4 |
---------------+-------------+-----
Fighting       | 1 2 3 |  3.0
Dodging        | 1 |  1.0
Stealth        | 1 |  1.0
Armour         | 2 |  2.0
Evocations     | 3 |  3.0
Polearms       | 1 |  1.0
Spellcasting   | 1 |  1.0
Poison Magic   | 1 |  1.0
Air Magic      | 1 |  1.0
Conjurations   | 1 |  1.0

Action                   |  1- 3 |  4- 6 || total
-------------------------+-------+-------++-------
Melee: Spear             |    22 |       ||    22
       Club              |     2 |       ||     2
       Trident           |    80 |     6 ||    86
       Punch             |     3 |       ||     3
Throw: Dart              |     2 |       ||     2
Evoke: Wand              |       |     3 ||     3
  Use: Scroll            |       |     1 ||     1
Armor: Scale mail        |    26 |       ||    26
       Leather armour    |     2 |       ||     2
       Ring mail         |     8 |       ||     8
Dodge: Dodged            |    46 |     3 ||    49
